 Dungeon Crawl Stone Soup version 0.31-a0-841-g038b102fc3 (webtiles) character file.

Game seed: 16154521139458845441

1401 Pooter the Cleaver (level 8, -4/71 HPs)
             Began as a Minotaur Berserker on Sept 24, 2023.
             Was an Elder of Trog.
             Slain by a gnoll
             ... wielding a +0 whip
             ... led by a gnoll sergeant
              (6 damage)
             ... on level 6 of the Dungeon on Sept 28, 2023.
             The game lasted 00:25:58 (5657 turns).

Pooter the Cleaver (Minotaur Berserker)             Turns: 5657, Time: 00:25:59

Health: -4/71      AC:  8    Str: 31    XL:     8   Next: 41%
Magic:  7/7        EV:  9    Int:  4    God:    Trog [****..]
Gold:   238        SH:  0    Dex:  9    Spells: 7/7 levels left

rFire   . . .        a - +0 war axe
rCold   . . .        (no shield)
rNeg    . . .        m - +0 chain mail
rPois   .            (helmet restricted)
rElec   .            (no cloak)
rCorr   .            (no gloves)
SInv    .            (no boots)
Will    .....        n - amulet of faith {!P} Stlth
                     z - +6 ring of strength
HPRegen 0.31/turn    (no ring)
MPRegen 0.10/turn

%: faith
@: lethally poisoned (-4 -> -18), on berserk cooldown, slowed, very slow
A: horns 2, retaliatory headbutt
a: Renounce Religion, Berserk, Trog's Hand, Brothers in Arms


You were on level 6 of the Dungeon.
You worshipped Trog.
Trog was greatly pleased with you.
You visited 1 branch of the dungeon, and saw 6 of its levels.
You also visited: Sewer.

You collected 318 gold pieces.
You spent 80 gold pieces at shops.

Inventory:

Hand Weapons
 a - a +0 war axe (weapon)
   (You bought it in a shop on level 2 of the Dungeon)
 b - a +0 arbalest
   (You found it on level 3 of the Dungeon)
 A - a +0 trident
   (You found it on level 6 of the Dungeon)
Missiles
 f - 2 poisoned darts
 p - 3 curare-tipped darts
 s - a boomerang
 y - 3 javelins
 Q - 45 stones (quivered)
Armour
 m - a +0 chain mail (worn)
   (You found it on level 3 of the Dungeon)
Jewellery
 n - an amulet of faith (around neck) {!P}
   (You found it on level 3 of the Dungeon)
 z - a +6 ring of strength (left hand)
   (You found it on level 2 of the Dungeon)
Wands
 d - a wand of iceblast (6)
   (You found it on level 6 of the Dungeon)
Scrolls
 c - a scroll of poison {unknown}
 l - a scroll of revelation {unknown}
 o - a scroll of immolation {!r}
 t - 3 scrolls of teleportation {@r4}
 v - a scroll of enchant weapon {unknown}
 w - a scroll of enchant armour {unknown}
 x - 2 scrolls of vulnerability {!r}
Potions
 e - 4 potions of enlightenment
 g - 5 potions of heal wounds {@q2}
 h - a potion of brilliance {unknown}
 i - a potion of cancellation
 j - a potion of ambrosia {unknown}
 k - a potion of curing {unknown}
 q - 2 potions of mutation {unknown}
 r - a potion of degeneration {unknown}
 u - a potion of might {unknown}


   Skills:
 + Level 6.8 Fighting
 * Level 9.1 Axes
 * Level 6.5 Ranged Weapons
 - Level 2.4 Armour
 - Level 2.1 Dodging


You had 7 spell levels left.
You didn't know any spells.
Your spell library was empty.

Dungeon Overview and Level Annotations

Branches:
Dungeon (6/15) Zot: 26891  Temple (0/1) D:4           Sewer (visited)

Altars:
Ru

Shops:
D:2 (


Innate Abilities, Weirdness & Mutations

You have a pair of horns on your head.
You reflexively headbutt those who attack you in melee.


Message History

You struggle against the net.
You feel a strong urge to attack something.
You struggle against the net.
The gnoll hits you from afar with a +0 halberd!
The gnoll hits you but does no damage.
The gnoll sergeant hits you from afar with a +3 spear of venom!
You rip the net and break free!
You feel your anger nearly subside.
You closely miss the gnoll. Your headbutt misses the gnoll.
You are no longer berserk.
You are exhausted.
You feel yourself slow down.
The gnoll hits you from afar with a +0 halberd.
The gnoll hits you but does no damage.
The gnoll sergeant hits you but does no damage.
You are poisoned.
You barely miss the gnoll.
You feel sick. The gnoll hits you but does no damage.
The gnoll hits you with a +2 flail of protection.
The gnoll sergeant hits you from afar with a +3 spear of venom!
* * * LOW HITPOINT WARNING * * *
You are more poisoned.
The gnoll barely misses you. The gnoll completely misses you.
You furiously retaliate!
You headbutt the gnoll!
You kill the gnoll!
Trog accepts your kill. The gnoll sergeant closely misses you.
You feel very sick. The gnoll hits you but does no damage.
The gnoll sergeant barely misses you.
You see here a +2 flail of protection.
The gnoll sergeant blocks your attack. x2; You hit the gnoll.
You kill the gnoll!
Trog accepts your kill.
You feel very sick.
You barely miss the gnoll. You barely miss the gnoll sergeant.
You feel very sick. The gnoll closely misses you.
The gnoll sergeant hits you with a +3 spear of venom.
* * * LOW HITPOINT WARNING * * *
You are more poisoned.
The gnoll hits you but does no damage.
The gnoll sergeant hits you with a +3 spear of venom.
* * * LOW HITPOINT WARNING * * *
You are more poisoned.
You hit the gnoll sergeant but do no damage.
You headbutt the gnoll sergeant. You barely miss the gnoll.
* * * LOW HITPOINT WARNING * * *
You feel very sick. The gnoll hits you with a +0 whip.
You die...

....... #........
....... #.........#
....... #.........#
....... #.........##
....... #..........^
....... #...........
.....gg######...........
.....gg@(.........>.....
#############...........
######..#.## #..#...
#..#### #...... #.#....
#.....< ####...


You could see a gnoll sergeant and 3 gnolls.

Vanquished Creatures
  A hornet (D:5)
  Eustachio (D:5)
  Duvessa (D:4)
  An ice beast (D:5)
  An ogre (D:5)
  A centaur (D:5)
  2 phantoms
  A scorpion (D:4)
  Dowan (D:4)
  A hound (D:4)
  A jelly (D:5)
  An orc wizard (D:3)
  Natasha (D:4)
  An iguana (D:5)
  A sickly merfolk siren (Sewer)
  A malarious merfolk avatar (Sewer)
  3 gnolls
  11 adders
  A river rat (Sewer)
  An ufetubus (D:3)
  2 worms (D:4)
  4 dart slugs
  4 orcs
  7 endoplasms
  6 giant cockroaches
  7 goblins
  12 hobgoblins
  5 jackals
  8 kobolds
  4 quokkas
  17 ball pythons
  6 bats
  8 frilled lizards
  29 rats
152 creatures vanquished.

Notes
Turn   | Place    | Note
-------+----------+-------------------------------------------
     0 | D:1      | Pooter the Minotaur Berserker began the quest for the Orb.
     0 | D:1      | Reached XP level 1. HP: 19/19 MP: 0/0
    69 | D:1      | Reached skill level 4 in Axes
   185 | D:1      | Reached XP level 2. HP: 27/27 MP: 1/1
   470 | D:1      | Reached XP level 3. HP: 24/33 MP: 2/2
   937 | D:2      | Reached skill level 5 in Axes
   983 | D:2      | Reached ** piety under Trog
  1275 | D:2      | Found Peukal's Antique Weapon Emporium.
  1278 | D:2      | Bought a war axe for 80 gold pieces
  1319 | D:2      | Reached XP level 4. HP: 41/41 MP: 3/3
  1821 | D:2      | Upgraded the game from 0.31-a0-819-gf6de2f5ab6 to
                  | 0.31-a0-833-gc15d34cb79
  1821 | D:2      | Upgraded the game from 0.31-a0-833-gc15d34cb79 to
                  | 0.31-a0-836-g3ceb0a68c4
  1843 | D:3      | Found a faded altar of an unknown god.
  1875 | D:3      | Upgraded the game from 0.31-a0-836-g3ceb0a68c4 to
                  | 0.31-a0-841-g038b102fc3
  1878 | D:3      | Reached skill level 1 in Ranged Weapons
  1886 | D:3      | Noticed a phantom
  1893 | D:3      | Killed a phantom
  1894 | D:3      | Reached XP level 5. HP: 41/47 MP: 4/4
  1932 | D:3      | Reached skill level 6 in Axes
  2049 | D:3      | Reached skill level 5 in Fighting
  2294 | D:3      | Reached *** piety under Trog
  2606 | D:4      | Noticed Dowan
  2616 | D:4      | Killed Dowan
  2617 | D:4      | Reached XP level 6. HP: 53/56 MP: 5/5
  2619 | D:4      | Noticed Duvessa
  2627 | D:4      | Killed Duvessa
  2671 | D:4      | Found a sacrificial altar of Ru.
  2681 | D:4      | Reached skill level 7 in Axes
  2746 | D:4      | Found a staircase to the Ecumenical Temple.
  2998 | D:4      | Found a glowing drain.
  3007 | Sewer    | Entered a sewer
  3445 | Sewer    | Reached XP level 7. HP: 61/61 MP: 6/6
  3553 | Sewer    | Reached **** piety under Trog
  4070 | D:4      | Noticed Natasha
  4075 | D:4      | Killed Natasha
  4372 | D:5      | Entered Level 5 of the Dungeon
  4818 | D:5      | Reached skill level 5 in Ranged Weapons
  4864 | D:5      | Reached skill level 8 in Axes
  4988 | D:5      | Reached XP level 8. HP: 70/70 MP: 7/7
  5116 | D:5      | Noticed Eustachio
  5150 | D:5      | Killed Eustachio
  5378 | D:5      | Noticed a hornet
  5382 | D:5      | Paralysed by a hornet for 3 turns
  5387 | D:5      | Killed a hornet
  5388 | D:5      | Reached skill level 9 in Axes
  5657 | D:6      | HP: 2/71 [poisoned by a gnoll sergeant]
  5657 | D:6      | Slain by a gnoll

Illustrated notes

Levels and vault maps discovered:
D:1:      lightli_iron_boxes, layout_basic, minmay_misc_feat_roman,
          grunt_decor_one_mirror, st_stairs_5, minmay_pentomino_t4
D:2:      layout_basic, serial_shops, nicolae_shop_tiny_real_fake_doors
D:3:      layout_loops_ring, hellmonk_ecumenical_altar_lost_god,
          minmay_fractal_squares_diagonal_5
D:4:      layout_gridville, nicolae_ru_awakened_eye,
          minmay_temple_entry_statues_fountains, portal_sewer_entry_e,
          serial_co_window_serial, co_window_of_opportunity_a,
          co_window_corner_a, co_window_corner_a, co_window_paths_a,
          co_window_corner_a, co_window_broadway_a, co_window_cross_4,
          co_window_unsneaky_path_a, co_window_corner_b, co_window_corner_b,
          glass_columns_a, glass_columns_a, uniq_duvessa, uniq_natasha
D:5:      layout_loops_ring, uniq_eustachio
D:6:      layout_basic, tgw_trog

Skill      XL: |  1  2  3  4  5  6  7  8 |
---------------+-------------------------+-----
Axes           | 4 5 6 7 8 9 |  9.1
Fighting       | 4 5 6 |  6.8
Ranged Weapons | 2 3 4 5 6 |  6.5
Armour         | |  2.4
Dodging        | |  2.1

Action                     |  1- 3 |  4- 6 |  7- 9 || total
---------------------------+-------+-------+-------++-------
  Melee: Hand axe          |    89 |       |       ||    89
         Headbutt          |     8 |     9 |    10 ||    27
         War axe           |     3 |   101 |    67 ||   171
         Punch             |       |     1 |       ||     1
   Fire: Sling             |       |    15 |       ||    15
         Arbalest          |       |    43 |    42 ||    85
  Throw: Dart              |       |     3 |       ||     3
         Stone             |       |       |     2 ||     2
 Invoke: Berserk           |     2 |     3 |     4 ||     9
         Trog's Hand       |       |     3 |       ||     3
    Use: Scroll            |     2 |       |     4 ||     6
         Potion            |       |       |     1 ||     1
 Armour: Animal skin       |    47 |    23 |       ||    70
         Chain mail        |       |    87 |    76 ||   163
  Dodge: Dodged            |    67 |    93 |    43 ||   203

Table legend: (Time is in decaauts)
 A = Elapsed time spent in this place.
 B = Non-inter-level travel time spent in this place.
 C = Inter-level travel time spent in this place.
 D = Time resting spent in this place.
 E = Time spent auto-exploring this place.
 F = Levels seen in this place.
 G = Mean time per level.
                   A        B        C        D        E       F      G
               +--------+--------+--------+--------+--------+-----+--------+
         Total |   5882 |   5809 |     73 |   1246 |   3123 |   7 |  840.3 |
       Dungeon |   4999 |   4926 |     73 |    875 |   2880 |   6 |  833.2 |
         Sewer |    883 |    883 |      0 |    371 |    243 |   1 |  883.0 |
               +--------+--------+--------+--------+--------+-----+--------+

Top non-repeatable levels by time:
     D:5: 1219 daAuts
     D:4: 1002 daAuts
     D:2: 957 daAuts
     D:1: 907 daAuts
   Sewer: 883 daAuts
     D:3: 804 daAuts
     D:6: 106 daAuts
